 Dungeon Crawl Stone Soup version 0.31-a0-175-g9f7f995f2b (webtiles) character file.

Game seed: 10259243292770158135

98 qw the Shooter (level 4, -14/28 HPs)
             Began as a Gargoyle Hunter on June 16, 2023.
             Demolished by an ogre
             ... wielding a +0 giant club
              (20 damage)
             ... on level 3 of the Dungeon.
             The game lasted 00:00:49 (1887 turns).

qw the Shooter (Gargoyle Hunter)                    Turns: 1887, Time: 00:00:49

Health: -14/28     AC:  8    Str: 15    XL:     4   Next: 69%
Magic:  4/4        EV: 11    Int:  9    God:
Gold:   110        SH:  0    Dex: 15    Spells: 3/3 levels left

rFire   . . .        Y - +0 shortbow
rCold   . . .        (shield currently unavailable)
rNeg    + . .        h - +0 ring mail
rPois   inf          (no helmet)
rElec   +            (no cloak)
rCorr   .            (no gloves)
SInv    .            (no boots)
Will    .....        (no amulet)
Stlth   +            (no ring)
HPRegen 0.24/turn    (no ring)
MPRegen 0.09/turn

%: no passive effects
@: no status effects
A: sickness immunity, AC +3, negative energy resistance 1, electricity
resistance, torment resistance 1, petrification resistance
a: no special abilities


You were on level 3 of the Dungeon.
You visited 1 branch of the dungeon, and saw 3 of its levels.

You collected 110 gold pieces.


Innate Abilities, Weirdness & Mutations

You are immune to sickness and miasma.
Your stone body is resilient. (AC +3)
You are immune to poison.
You resist negative energy. (rN+)
You are resistant to electric shocks. (rElec)
You are resistant to unholy torment.
You are immune to petrification.


   Skills:
 - Level 3.1 Fighting
 + Level 5.4 Ranged Weapons
 - Level 1.0 Armour
 - Level 1.5 Dodging
 - Level 1.1 Stealth


You had 3 spell levels left.
You didn't know any spells.
Your spell library was empty.

Inventory:

Hand Weapons
 Y - a +0 shortbow (weapon)
Armour
 h - a +0 ring mail (worn)
Jewellery
 g - an amulet of the acrobat
Scrolls
 e - a scroll of identify
Potions
 a - a potion of attraction {unknown}
 b - a potion of haste
 c - a potion of magic {unknown}
 d - 2 potions of heal wounds {unknown}
 f - a potion of brilliance {unknown}
 i - a potion of lignification {unknown}
 j - a potion of berserk rage {unknown}
 k - 2 potions of curing

Dungeon Overview and Level Annotations

Branches:
Dungeon (3/15)

Altars:
Makhleb
Nemelex Xobeh
Zin


Message History

Enter note:
Enter note:
Enter note:
Enter note: You shoot an arrow.
The arrow hits the ogre!
The ogre is moderately wounded.
You shoot an arrow.
The arrow hits the ogre but does no damage.
The ogre is moderately wounded.
The ogre barely misses you.
An endoplasm comes into view.
You shoot an arrow.
The arrow hits the ogre but does no damage.
The ogre is moderately wounded.
The ogre hits you with a +0 giant club.
You shoot an arrow.
The arrow hits the ogre but does no damage.
The ogre is moderately wounded.
The ogre barely misses you.
You shoot an arrow.
The arrow hits the ogre but does no damage.
The ogre is moderately wounded.
The ogre hits you with a +0 giant club!
You shoot an arrow. The arrow hits the ogre!
The ogre is heavily wounded.
You shoot an arrow. The arrow hits the ogre.
The ogre is severely wounded.
The ogre hits you with a +0 giant club. The endoplasm freezes you.
You are frozen.
You shoot an arrow. The arrow hits the ogre.
The ogre is almost dead.
The endoplasm hits you. The ogre closely misses you.
The endoplasm barely misses you.
You shoot an arrow.
The arrow hits the ogre but does no damage.
The ogre is almost dead.
The ogre hits you with a +0 giant club!!
Ouch! That really hurt!
You die...

... .. .. ###
##.##### ..# #......#
#.# ##....#.# #.#
#....OJ.# #.# #@.#
#.# ..####..####.# ##
#.............#####.#
.#
...###...#####.....#
.# #...# #.####.# .#
#...# #.# %####
.....### #.# ....#
#...# #.# .##.# #...#
#.#


You could see an ogre and an endoplasm.

Vanquished Creatures
  5 adders
  A worm (D:2)
  3 dart slugs
  An orc (D:3)
  4 bats
  4 endoplasms
  2 giant cockroaches
  4 goblins
  3 hobgoblins
  3 kobolds
  2 quokkas
  6 ball pythons
  4 frilled lizards
  2 rats (D:1)
44 creatures vanquished.

Notes
Turn   | Place    | Note
-------+----------+-------------------------------------------
     0 | D:1      | qw the Gargoyle Hunter began the quest for the Orb.
     0 | D:1      | Reached XP level 1. HP: 12/12 MP: 1/1
     0 | D:1      | 0 ||| qw: Version: 0.2-a-29-g511e9b1
     0 | D:1      | 0 ||| qw: Game counter: 51
     0 | D:1      | 0 ||| qw: Always use a shield: true
     0 | D:1      | 0 ||| qw: God list: Okawaru
     0 | D:1      | 0 ||| qw: Allow faded altars: false
     0 | D:1      | 0 ||| qw: Do Orc after D:15 true
     0 | D:1      | 0 ||| qw: Do second Lair branch before Depths: true
     0 | D:1      | 0 ||| qw: Lair rune preference: random
     0 | D:1      | 0 ||| qw: Plans: Normal, Zot:1-4, Slime:5, God:TSO, Crypt,
                  | Tomb, Abyss, Pan, Hells, Win
     0 | D:1      | 0 ||| PLANNING D:1-11
    80 | D:1      | 80 ||| FLEEEEING.
    81 | D:1      | 81 ||| FLEEEEING.
   109 | D:1      | Reached XP level 2. HP: 17/17 MP: 2/2
   312 | D:1      | Reached XP level 3. HP: 21/21 MP: 3/3
   547 | D:1      | 547 ||| UPGRADING to +0 ring mail.
   557 | D:1      | 557 ||| DROPPING +0 leather armour.
   558 | D:1      | 558 ||| READING 2 scrolls labelled TIT ECODIJ INOSE.
   559 | D:1      | 559 ||| READING 2 scrolls labelled COTAJUMEDGHE.
   560 | D:1      | 560 ||| READING scroll labelled FITIEC LUIDDE.
   561 | D:1      | 561 ||| DROPPING scroll of noise.
   562 | D:1      | 562 ||| DROPPING scroll of butterflies.
   619 | D:2      | Reached skill level 1 in Armour
   659 | D:2      | Reached skill level 5 in Ranged Weapons
  1034 | D:2      | Reached skill level 3 in Fighting
  1034 | D:2      | Reached XP level 4. HP: 15/28 MP: 4/4
  1198 | D:2      | Found a faded altar of an unknown god.
  1362 | D:2      | 1362 ||| READING scroll labelled OSTRUR YVVIZE.
  1365 | D:2      | 1365 ||| READING scroll labelled SYUJAT LACOL.
  1366 | D:2      | 1366 ||| DRINKING 2 black potions.
  1367 | D:2      | 1367 ||| READING 3 scrolls of identify.
  1367 | D:2      | 1367 ||| IDENTIFYING grey potion
  1368 | D:2      | 1368 ||| READING 2 scrolls of identify.
  1368 | D:2      | 1368 ||| IDENTIFYING yellow potion
  1369 | D:2      | 1369 ||| DROPPING potion of degeneration.
  1597 | D:3      | Noticed a blizzard demon
  1605 | D:3      | Found a burning altar of Makhleb.
  1609 | D:3      | Found a glowing silver altar of Zin.
  1609 | D:3      | Noticed an angel
  1798 | D:3      | Found a sparkling altar of Nemelex Xobeh.
  1878 | D:3      | Noticed an ogre
  1886 | D:3      | HP: 6/28 [endoplasm (2)]
  1887 | D:3      | Demolished by an ogre

Levels and vault maps discovered:
D:1:      scummos_arrival_star, layout_basic, minmay_octomino_e4
D:2:      layout_loops_cross, shapermc_ecumenical_altar_venn
D:3:      layout_loops_cross, nemelex_diamond_rough_becter,
          grunt_temple_overflow_order_and_chaos_2, minmay_distorted

Skill      XL: |  1  2  3 |
---------------+----------+-----
Armour         | 1 |  1.0
Ranged Weapons | 5 |  5.4
Fighting       | 3 |  3.1
Dodging        | |  1.5
Stealth        | |  1.1

Action                     |  1- 3 |  4- 6 || total
---------------------------+-------+-------++-------
   Fire: Shortbow          |   136 |    57 ||   193
    Use: Scroll            |     3 |     4 ||     7
         Potion            |       |     1 ||     1
 Armour: Leather armour    |    13 |       ||    13
         Ring mail         |    36 |    11 ||    47
  Dodge: Dodged            |    43 |    24 ||    67

Table legend:
 A = Non-vault XP
 B = Vault XP
 C = Vault XP percentage of total XP
 D = Non-vault monster count
 E = Vault monster count
 F = Vault count percentage of total count
                 A         B        C        D         E       F
            +---------+---------+-------+---------+---------+-------
      Total |     130 |      10 |   7.1 |      40 |       4 |   9.1
            +---------+---------+-------+---------+---------+-------
        D:1 |      34 |       4 |  10.5 |      19 |       2 |   9.5
        D:2 |      57 |       0 |   0.0 |      12 |       0 |   0.0
        D:3 |      39 |       6 |  13.3 |       9 |       2 |  18.2
            +---------+---------+-------+---------+---------+-------
